 Dungeon Crawl Stone Soup version 0.17.1-1-g73c8601 (webtiles) character file.

41 ololoev the Chopper (level 3, -5/29 HPs)
             Began as a Demonspawn Fighter on Dec 23, 2015.
             Killed from afar by an orc wizard (9 damage)
             ... with a magic dart
             ... on level 4 of the Dungeon.
             The game lasted 00:02:35 (423 turns).

ololoev the Chopper (Demonspawn Fighter)             Turns: 423, Time: 00:02:36

Health: -5/29      AC: 11    Str: 17    XL:     3   Next: 32%
Magic:  3/3        EV:  4    Int:  9    God:
Gold:   65         SH:  8    Dex: 12    Spells: 0 memorised, 2 levels left

rFire  . . .     SeeInvis .     a - +0 war axe
rCold  . . .     Clarity  .     j - +0 chain mail
rNeg   . . .     SustAt   .     c - +0 shield
rPois  .         Gourm    .     (no helmet)
rElec  .         Spirit   .     h - +0 cloak
rCorr  .         Warding  .     (no gloves)
rMut   .         Stasis   .     f - +0 pair of boots
MR     .....                    (no amulet)
Stlth  ..........               (no ring)
                                (no ring)

@: not resistant to hostile enchantments, extremely unstealthy
A: nightstalker 1
a: no special abilities


Innate Abilities, Weirdness & Mutations

You are slightly more attuned to the shadows.

Inventory:

Hand Weapons
 a - a +0 war axe (weapon)
Armour
 c - a +0 shield (worn)
 f - a +0 pair of boots (worn)
 h - a +0 cloak (worn)
 j - a +0 chain mail (worn)
Scrolls
 g - a scroll of magic mapping {unknown}
 i - a scroll of teleportation {unknown}
Comestibles
 d - 2 chunks of flesh
 e - a bread ration


   Skills:
 - Level 3.0 Fighting
 * Level 3.4 Axes
 - Level 2.6 Armour
 - Level 2.6 Shields


You had 2 spell levels left.
You didn't know any spells.


You were on level 4 of the Dungeon.
You were not hungry.

You visited 1 branch of the dungeon, and saw 3 of its levels.

You collected 65 gold pieces.

#######
#..o@.#
#..).>+
#..!..#
#.....#
#####..
###

Notes
Turn   | Place    | Note
--------------------------------------------------------------
     0 | D:1      | ololoev the Demonspawn Fighter began the quest for the Orb.
     0 | D:1      | Reached XP level 1. HP: 18/18 MP: 1/1
   164 | D:2      | Gained mutation: You are slightly more attuned to the shadows. [demonic ancestry]
   164 | D:2      | Reached XP level 2. HP: 20/24 MP: 2/2
   408 | D:2      | You fall through a shaft for 2 floors!
   410 | D:4      | Reached XP level 3. HP: 29/29 MP: 3/3
   423 | D:4      | Killed from afar by an orc wizard

Dungeon Overview and Level Annotations

Branches:
Dungeon (4/15)
 Temple: D:4-7

Altars:


Message History

Unknown command.
You miss the adder.
The adder is almost dead.
You completely miss the orc wizard. The orc wizard casts a spell at you.
The magic dart hits you! The adder bites you but does no damage.
The orc wizard hits you but does no damage.
The adder barely misses you.
The orc wizard hits you but does no damage.
Unknown command.
You barely miss the adder.
The adder is almost dead.
Your shield and chain mail prevent you from hitting the orc wizard.
The adder bites you but does no damage.
The orc wizard gestures at you while chanting.
The magic dart hits you! The adder bites you but does no damage.
You block the orc wizard's attack. The adder bites you but does no damage.
Unknown command.
You slash the adder!
You kill the adder!
You slash the orc wizard!
The orc wizard is moderately wounded.
The orc wizard hits you but does no damage.
You block the orc wizard's attack.
Unknown command.
You barely miss the orc wizard.
The orc wizard is moderately wounded.
You block the orc wizard's attack.
The orc wizard hits you but does no damage.
Unknown command.
You hit the orc wizard.
The orc wizard is severely wounded.
The orc wizard points at you and mumbles some strange words.
The puff of frost hits you! You block the orc wizard's attack.
You block the orc wizard's attack.
You closely miss the orc wizard.
The orc wizard is severely wounded.
The orc wizard casts a spell at you. The magic dart hits you!
You die...

You could see an orc wizard.

Vanquished Creatures
  2 adders
  A worm (D:2)
  2 orcs (D:4)
  A ball python (D:2)
  2 bats (D:2)
  2 hobgoblins
  2 jackals (D:2)
  3 kobolds
  A goblin (D:2)
  2 rats
18 creatures vanquished.

Action                   || total
-------------------------++-------
Melee: War axe           ||    68
  Use: Potion            ||     2

Vault maps used:
D:1:      dpeg_arrival_leaves_temple_mockup, serial_glass, glass_columns_b,
          glass_columns_a, glass_columns_b
D:2:      kennysheep_generic_room_4
D:4:      minmay_temple_entry_trees, minivault_24, dk_xom_monty_hall
